 Dungeon Crawl Stone Soup version 0.17-a0-1571-g3ed2ab2 (webtiles) character file.

36357 Chiseanne the Thaumaturge (level 13, 0/83 HPs)
             Began as a Demonspawn Wanderer on July 24, 2015.
             Was a High Priest of Vehumet.
             Slain by an unseen horror (2 damage)
             ... on level 15 of the Dungeon.
             The game lasted 01:47:36 (22556 turns).

Chiseanne the Thaumaturge (Demonspawn Wanderer)    Turns: 22556, Time: 01:47:37

Health: 0/83       AC: 13    Str: 15    XL:     13   Next: 52%
Magic:  4/30       EV: 11    Int: 20    God:    Vehumet [*****.]
Gold:   509        SH:  5    Dex: 10    Spells: 14 memorised, 5 levels left

rFire  + + .     SeeInvis .     a - +10 long sword "Faomuow" {slice, Str+3 Int+3 Dex-5}
rCold  + . .     Clarity  .     F - +2 robe {rC+ rF+}
rNeg   . . .     SustAt   .     w - +1 buckler {rF+}
rPois  +         Gourm    .     z - +2 helmet
rElec  .         Spirit   .     b - +2 cloak
rCorr  .         Warding  .     s - +1 pair of gloves
rMut   .         Stasis   .     (no boots)
MR     .....                    (no amulet)
Stlth  ++++......               C - ring of poison resistance
                                g - ring of wizardry

@: repel missiles, not resistant to hostile enchantments, stealthy
A: claws 2, nightstalker 2, powered by death 2
a: Renounce Religion


You were on level 15 of the Dungeon.
You worshipped Vehumet.
Vehumet was extremely pleased with you.
You were not hungry.

You visited 1 branch of the dungeon, and saw 14 of its levels.
You also visited: Bailey.

You collected 1265 gold pieces.
You spent 756 gold pieces at shops.

Inventory:

Hand weapons
 a - the +10 long sword "Faomuow" (weapon) {slice, Str+3 Int+3 Dex-5}
   (You took it off a kobold in a bailey)

   It inflicts extra damage upon your enemies.
   It affects your strength (+3).
   It affects your intelligence (+3).
   It affects your dexterity (-5).
Armour
 b - a +2 cloak (worn)
 s - a +1 pair of gloves (worn)
 w - a +1 buckler of fire resistance (worn)
 z - a +2 helmet (worn)
 F - a +2 robe of resistance (worn)
 S - a +0 ring mail of positive energy
 X - a troll hide
Rods
 t - a +1 rod of the swarm (15/15)
   (You took it off a hill giant on level 13 of the Dungeon)
Jewellery
 g - a ring of wizardry (left hand)
 n - an uncursed ring of protection from cold
 v - an uncursed ring of protection from fire
 C - a ring of poison resistance (right hand)
 G - an uncursed amulet of stasis
Magical devices
 o - a wand of digging (10)
 q - a wand of draining (2)
 u - a wand of teleportation (5)
 x - a wand of disintegration (12)
Scrolls
 d - 5 scrolls of teleportation
 r - 2 scrolls of immolation
 y - 2 scrolls of recharging
 B - 5 scrolls of remove curse
 E - a scroll of fog
 J - a scroll of magic mapping
 W - 3 scrolls of identify
 Z - 4 scrolls of enchant armour
Potions
 h - 3 potions of might
 j - a potion of lignification
 p - a potion of cancellation
 A - 2 potions of magic
 H - 2 potions of heal wounds
 I - 2 potions of flight
 K - a potion of berserk rage
 M - a potion of haste
 O - a potion of invisibility
 P - a potion of brilliance
 Q - 2 potions of curing
 R - 4 potions of agility
Books
 c - Lehudib's Disquisition on Attacks and the Volcanoes

   Spells                             Type                      Level
   a - Flame Tongue                   Conjuration/Fire             1
   b - Conjure Flame                  Conjuration/Fire             3
 i - a book of Flames

   Spells                             Type                      Level
   a - Flame Tongue                   Conjuration/Fire             1
   b - Throw Flame                    Conjuration/Fire             2
   c - Conjure Flame                  Conjuration/Fire             3
   d - Inner Flame                    Hexes/Fire                   3
   e - Sticky Flame                   Conjuration/Fire             4
   f - Fireball                       Conjuration/Fire             5
 l - a book of Callings

   Spells                             Type                      Level
   a - Summon Small Mammal            Summoning                    1
   b - Call Imp                       Summoning                    2
   c - Call Canine Familiar           Summoning                    3
   d - Summon Guardian Golem          Hexes/Summoning              3
   e - Summon Lightning Spire         Summoning/Air                4
   f - Summon Ice Beast               Ice/Summoning                4
 D - a book of Battle

   Spells                             Type                      Level
   a - Infusion                       Charms                       1
   b - Shroud of Golubria             Charms/Translocation         2
   c - Song of Slaying                Charms                       2
   d - Spectral Weapon                Hexes/Charms                 3
   e - Regeneration                   Charms/Necromancy            3
 N - a Young Poisoner's Handbook

   Spells                             Type                      Level
   a - Sting                          Conjuration/Poison           1
   b - Cure Poison                    Poison                       2
   c - Mephitic Cloud                 Conjuration/Poison/Air       3
   d - Olgreb's Toxic Radiance        Poison                       4
   e - Venom Bolt                     Conjuration/Poison           5
 T - a book of Air

   Spells                             Type                      Level
   a - Shock                          Conjuration/Air              1
   b - Swiftness                      Charms/Air                   2
   c - Repel Missiles                 Charms/Air                   2
   d - Static Discharge               Conjuration/Air              3
   e - Lightning Bolt                 Conjuration/Air              5
Miscellaneous
 e - a sack of spiders
Comestibles
 f - 19 bread rations
 k - 8 meat rations


   Skills:
 - Level 2.0 Fighting
   Level 1.0 Polearms
 - Level 1.0 Throwing
 - Level 8.4 Armour
 - Level 1.2 Dodging
 - Level 4.4 Stealth
 - Level 4.0 Shields
 * Level 13.8 Spellcasting
 * Level 13.8 Conjurations
 - Level 1.0 Hexes
 - Level 1.0 Evocations


You had 5 spell levels left.
You knew the following spells:

 Your Spells              Type           Power        Failure   Level  Hunger
a - Shock                 Conj/Air       ####         1%          1    None
b - Flame Tongue          Conj/Fire      #####        1%          1    None
c - Sting                 Conj/Pois      ####         1%          1    None
d - Stone Arrow           Conj/Erth      #####.       1%          3    None
e - Mephitic Cloud        Conj/Pois/Air  ####....     1%          3    None
f - Fireball              Conj/Fire      #####.....   1%          5    ####...
g - Conjure Flame         Conj/Fire      #####...     1%          3    None
h - Apportation           Tloc           ##........   2%          1    None
i - Cure Poison           Pois           ##........   4%          2    None
j - Magic Dart            Conj           ####         0%          1    None
k - Inner Flame           Hex/Fire       ###.....     1%          3    None
l - Repel Missiles        Chrm/Air       ##....       4%          2    None
m - Swiftness             Chrm/Air       ##......     4%          2    None
n - Bolt of Cold          Conj/Ice       #####.....   7%          6    #####..


Dungeon Overview and Level Annotations

Branches:
Dungeon (15/15)              Lair (0/8) D:11            Orc (0/4) D:12
 Vaults (0/5) D:14
 Temple: D:4-7       Depths: D:15

Altars:
Ashenzari
Makhleb
Vehumet
Xom

Shops:
D:7 *!

Portals:
Trove: D:11 (give 11 potions of heal wounds)

Annotations:
D:14 exclusion: skeletal warrior


Innate Abilities, Weirdness & Mutations

You have very sharp fingernails.
You are significantly more attuned to the shadows.
You regenerate health from kills.


Message History

The tengu warrior pecks you but does no damage.
The tengu warrior claws you.
You slash the tengu warrior!
The tengu warrior is severely wounded.
Something hits you!
* * * LOW HITPOINT WARNING * * *
The tengu warrior misses you. You block the tengu warrior's attack.
The tengu warrior claws you.
* * * LOW HITPOINT WARNING * * *
The tengu warrior barely misses you.
The tengu warrior pecks you but does no damage.
The tengu warrior claws you but does no damage.
You slash something! Something hits you.
* * * LOW HITPOINT WARNING * * *
The tengu warrior hits you with a battleaxe!
* * * LOW HITPOINT WARNING * * *
The tengu warrior pecks you but does no damage.
The tengu warrior claws you but does no damage.
Something hits you.
You die...

.##### .# .# .# #.# .# #.#
.# #.# .########## #.#
..........# #.# #########.#
####@###### # #.#
#...#.Q.... #.# #
#######.###.##[##########.#
###...........##.#
#.....#.#.#
.........#.##[##.#
#.###.#.#.#
###.####.#.##.##(# #.#
#.#.#.# ###.# #.#.##.##.#
#.# #.#<#.# ....#
#.#.#..##.####.###.#)#.#
##..#
#......##...[...##.....#


You could see a tengu warrior.

Vanquished Creatures
  Erolcha (D:11)
  A centaur warrior (D:13)
  2 hydras
  A tengu warrior (D:15)
  Urug (D:10)
  A skeletal warrior (D:14)
  An orc knight (Bailey)
  13 hill giants
  A necromancer (D:14)
  A wizard (D:14)
  A wolf spider zombie (D:12)
  4 cyclopes
  9 ugly things
  Joseph (D:8)
  Psyche (D:10)
  A gargoyle (D:12)
  A tengu conjurer (D:15)
  6 trolls
  4 slime creatures
  A trapdoor spider zombie (D:9)
  A two-headed ogre (D:14)
  A spriggan (D:8)
  2 deep elf magi
  4 wraiths
  4 yaks
  A vampire (D:13)
  2 wyverns
  Grum (D:11)
  2 hungry ghosts
  A mottled dragon (D:14)
  4 hippogriffs
  11 vampire mosquitoes
  A soldier ant (D:13)
  2 wolves (D:11)
  5 water moccasins
  4 black bears
  9 orc warriors
  5 sky beasts
  6 phantoms
  3 eyes of draining
  2 ice beasts
  15 centaurs
  5 ogres
  4 crocodiles
  A wyvern zombie (D:13)
  5 giant frogs
  5 scorpions
  6 killer bees
  A jelly (D:10)
  22 wights
  An electric eel (D:8)
  2 quasits
  4 centaur zombies
  5 giant frog skeletons
  11 crimson imps
  A giant frog zombie (D:10)
  5 orc priests
  11 orc wizards
  A gnoll shaman (D:7)
  6 hounds
  6 centaur skeletons
  14 worker ants
  Natasha (thrice) (D:4)
  11 iguanas
  3 sheep (D:14)
  A hound skeleton (D:10)
  7 adders
  A river rat (D:11)
  7 gnolls
  5 shadow imps
  An ooze (D:1)
  An adder skeleton (D:4)
  2 worms
  5 giant geckos
  44 orcs
  10 bats
  A bat skeleton (D:4)
  A bat zombie (D:7)
  10 giant cockroaches
  15 goblins
  13 hobgoblins
  6 jackals
  A quokka (D:11)
  2 ball pythons
  5 giant newts
  24 kobolds
  A quokka skeleton (D:7)
  18 rats
  4 fungi (D:11)
  6 plants
462 creatures vanquished.

Vanquished Creatures (collateral kills)
  A troll (D:13)
  A scorpion (D:8)
  An electric eel (D:8)
  2 orc priests (D:8)
  A shadow imp (D:8)
  An adder (D:8)
  2 orcs (D:8)
  A plant (D:8)
10 creatures vanquished.

Vanquished Creatures (others)
  A fungus (D:11)
  11 plants
12 creatures vanquished.

Grand Total: 484 creatures vanquished

Notes
Turn   | Place    | Note
--------------------------------------------------------------
     0 | D:1      | Chiseanne the Demonspawn Wanderer began the quest for the Orb.
     0 | D:1      | Chiseanne set off with: 3 curare-tipped needles, a +2 blowgun, Lehudib's Disquisition on Attacks and the Volcanoes, a scroll of teleportation, a +0 robe, a bread ration
     0 | D:1      | Reached XP level 1. HP: 15/15 MP: 5/5
     0 | D:1      | Identified Lehudib's Disquisition on Attacks and the Volcanoes
   578 | D:1      | Gained mutation: You regenerate a little health from kills. [demonic ancestry]
   578 | D:1      | Reached XP level 2. HP: 19/21 MP: 7/7
   667 | D:1      | Reached skill level 1 in Dodging
   672 | D:1      | Learned a level 1 spell: Flame Tongue
  1388 | D:2      | Reached XP level 3. HP: 19/26 MP: 8/8
  2047 | D:3      | Reached skill level 1 in Conjurations
  2116 | D:3      | Found a shattered altar of Ashenzari.
  2204 | D:3      | Found a radiant altar of Vehumet.
  2217 | D:3      | Reached XP level 4. HP: 9/32 MP: 4/10
  2296 | D:3      | Became a worshipper of Vehumet
  2660 | D:4      | Noticed Natasha
  2669 | D:4      | HP: 1/32 [Natasha (7)]
  2676 | D:4      | Killed Natasha
  2676 | D:4      | Reached skill level 1 in Armour
  2790 | D:4      | Noticed Natasha
  2905 | D:4      | Noticed a phantom
  2926 | D:4      | HP: 1/32 [phantom (10)]
  2930 | D:4      | Killed a phantom
  2930 | D:4      | Reached skill level 5 in Spellcasting
  2930 | D:4      | Gained mutation: You are slightly more attuned to the shadows. [demonic ancestry]
  2930 | D:4      | Reached XP level 5. HP: 27/38 MP: 0/12
  3098 | D:4      | Killed Natasha
  3351 | D:4      | Noticed an ogre
  3359 | D:4      | Killed an ogre
  3359 | D:4      | Reached XP level 6. HP: 44/44 MP: 14/14
  3369 | D:4      | Noticed Natasha
  3374 | D:4      | Killed Natasha
  3399 | D:4      | Acquired Vehumet's first power
  3399 | D:4      | Offered knowledge of Magic Dart by Vehumet.
  3406 | D:4      | Learned a level 1 spell: Magic Dart
  3525 | D:4      | Noticed a phantom
  3562 | D:4      | Killed a phantom
  3685 | D:4      | Reached XP level 7. HP: 45/50 MP: 11/15
  3876 | D:4      | Found a burning altar of Makhleb.
  3998 | D:4      | Found a shimmering altar of Xom.
  4037 | D:5      | Entered Level 5 of the Dungeon
  4289 | D:5      | You fall through a shaft for 3 floors!
  4633 | D:8      | Reached skill level 6 in Spellcasting
  4714 | D:8      | Learned a level 3 spell: Conjure Flame
  4717 | D:8      | Learned a level 2 spell: Cure Poison
  4721 | D:8      | Learned a level 3 spell: Mephitic Cloud
  4786 | D:8      | Noticed a spriggan baker
  4796 | D:8      | Killed a spriggan baker
  4796 | D:8      | Gained mutation: You are significantly more attuned to the shadows. [demonic ancestry]
  4796 | D:8      | Reached XP level 8. HP: 14/56 MP: 6/17
  5102 | D:7      | Found Fecukh's General Store.
  5108 | D:7      | Bought a scroll of teleportation for 39 gold pieces
  5108 | D:7      | Bought a scroll of remove curse for 39 gold pieces
  5108 | D:7      | Bought a scroll of magic mapping for 45 gold pieces
  5144 | D:7      | Found a flagged portal.
  5178 | Bailey   | Entered a bailey
  5215 | Bailey   | Learned a level 1 spell: Animate Skeleton
  5217 | Bailey   | Learned a level 1 spell: Sting
  5247 | Bailey   | Noticed an orc knight
  5480 | Bailey   | Reached skill level 5 in Conjurations
  5592 | Bailey   | Offered knowledge of Throw Flame by Vehumet.
  5920 | Bailey   | Got a polished long sword
  5921 | Bailey   | Identified the +10 long sword "Faomuow" {slice, Str+3 Int+3 Dex-5} (You took it off a kobold in a bailey)
  6294 | Bailey   | Killed an orc knight
  6294 | Bailey   | Reached skill level 5 in Armour
  6294 | Bailey   | Reached skill level 7 in Spellcasting
  6537 | D:7      | Reached XP level 9. HP: 61/61 MP: 19/19
  6758 | D:7      | Found Neestac's Distillery.
  6761 | D:7      | Bought 2 potions of might for 112 gold pieces
  6761 | D:7      | Bought a potion of lignification for 42 gold pieces
  6761 | D:7      | Bought a potion of berserk rage for 70 gold pieces
  6761 | D:7      | Bought a potion of invisibility for 112 gold pieces
  6761 | D:7      | Bought a potion of brilliance for 56 gold pieces
  6761 | D:7      | Bought a potion of curing for 42 gold pieces
  6761 | D:7      | Bought a potion of curing for 42 gold pieces
  6761 | D:7      | Bought 2 potions of agility for 112 gold pieces
  6768 | D:7      | Learned a level 1 spell: Apportation
  7592 | D:7      | Offered knowledge of Stone Arrow by Vehumet.
  7597 | D:7      | Learned a level 3 spell: Stone Arrow
  8096 | D:8      | Noticed a wyvern
  8105 | D:8      | Killed a wyvern
  8105 | D:8      | Reached skill level 8 in Spellcasting
  8273 | D:8      | Learned a level 1 spell: Shock
  8419 | D:8      | Acquired Vehumet's second power
  9152 | D:8      | Gained mutation: You have sharp fingernails. [demonic ancestry]
  9152 | D:8      | Reached XP level 10. HP: 67/67 MP: 6/22
  9178 | D:8      | Offered knowledge of Inner Flame by Vehumet.
  9340 | D:8      | Learned a level 3 spell: Inner Flame
  9343 | D:8      | Learned a level 2 spell: Repel Missiles
  9347 | D:8      | Learned a level 2 spell: Swiftness
  9556 | D:8      | Noticed Joseph
  9569 | D:8      | Killed Joseph
  9704 | D:8      | Noticed a hill giant
  9713 | D:8      | Killed a hill giant
  9713 | D:8      | Reached skill level 9 in Spellcasting
  9872 | D:7      | Bought a scroll of amnesia for 45 gold pieces
 11214 | D:9      | Acquired Vehumet's third power
 11383 | D:10     | Entered Level 10 of the Dungeon
 11525 | D:10     | Got a shimmering leather armour
 11556 | D:10     | Identified the +2 leather armour of Sloth {Dex+4} (You found it on level 10 of the Dungeon)
 11796 | D:10     | Noticed Urug
 11796 | D:10     | Noticed a hill giant
 11809 | D:10     | Killed Urug
 12185 | D:10     | Offered knowledge of Fireball by Vehumet.
 12192 | D:10     | Learned a level 5 spell: Fireball
 12358 | D:10     | Noticed a hill giant
 12366 | D:10     | Killed a hill giant
 12366 | D:10     | Gained mutation: You regenerate health from kills. [demonic ancestry]
 12366 | D:10     | Reached XP level 11. HP: 65/72 MP: 24/24
 12653 | D:10     | Noticed a hill giant
 12662 | D:10     | Killed a hill giant
 12662 | D:10     | Reached skill level 10 in Spellcasting
 12722 | D:10     | Noticed Psyche
 12730 | D:10     | Killed Psyche
 13422 | D:10     | Killed a hill giant
 13547 | D:11     | Noticed Grum
 13556 | D:11     | Killed Grum
 13942 | D:11     | Reached skill level 10 in Conjurations
 14329 | D:11     | Offered knowledge of Bolt of Cold by Vehumet.
 14380 | D:11     | Noticed a hill giant
 14386 | D:11     | Killed a hill giant
 14535 | D:11     | Found a staircase to the Lair.
 14617 | D:11     | Noticed Erolcha
 14624 | D:11     | Killed Erolcha
 14624 | D:11     | Reached skill level 11 in Spellcasting
 14841 | D:11     | Found a portal to a secret trove of treasure.
 16315 | D:12     | Found a shattered altar of Ashenzari.
 16448 | D:12     | Noticed a hill giant
 16454 | D:12     | Killed a hill giant
 16643 | D:12     | Reached XP level 12. HP: 78/78 MP: 13/27
 16995 | D:12     | Learned a level 6 spell: Bolt of Cold
 17218 | D:12     | Noticed a hill giant
 17222 | D:12     | Killed a hill giant
 17293 | D:12     | Found a staircase to the Orcish Mines.
 17342 | D:12     | Reached skill level 12 in Spellcasting
 18293 | D:13     | Noticed a five-headed hydra
 18302 | D:13     | Killed a five-headed hydra
 19213 | D:13     | Noticed a centaur warrior
 19477 | D:13     | Killed a centaur warrior
 19668 | D:13     | Identified a -3 rod of the swarm (4/10) (You took it off a hill giant on level 13 of the Dungeon)
 19734 | D:13     | Identified a scroll of acquirement
 19835 | D:13     | Reached skill level 1 in Shields
 20487 | D:14     | Reached skill level 13 in Spellcasting
 20487 | D:14     | Gained mutation: You have very sharp fingernails. [demonic ancestry]
 20487 | D:14     | Reached XP level 13. HP: 81/83 MP: 12/30
 20614 | D:14     | Offered knowledge of Delayed Fireball by Vehumet.
 21148 | D:14     | Found a gate to the Vaults.
 21319 | D:15     | Entered Level 15 of the Dungeon
 22555 | D:15     | HP: 2/83 [tengu warrior/battleaxe[a tengu conjurer] (12)]
 22556 | D:15     | Slain by an unseen horror

Vault maps used:
D:1:      minmay_arrival_four_circles, roderic_roman_lattice, minmay_surrounded
D:2:      first_bread, grunt_decor_cap, minivault_14
D:3:      ashenzari_conservatory_becter, vehumet_altar_wand_db
D:4:      lemuel_coloured_pillars_altar, old_standard_altar, uniq_natasha
D:5:      minmay_temple_entry_fiery, roderic_serpentine_path,
          hangedman_abyss_or_decor_jellyfish_corner
D:7:      enter_bailey_2, serial_shops, shop, nicolae_shop_behind_doors
D:8:      the_bakery, st_stairs_3, dk_noncrumbling_3, serial_bayou_ford_a,
          minmay_misc_feat_five, uniq_joseph
D:9:      lightli_orcish_oven
D:10:     library_closet, uniq_urug, uniq_psyche
D:11:     due_lair_maze_entry_diamond, nicolae_trove_entry_crossroad, uniq_grum,
          uniq_erolcha
D:12:     orc_0_dummy, minivault_23, nicolae_ashenzari_panopticon
D:13:     minmay_misc_feat_chi, lightli_swarmer
D:14:     david_vaults_1, uniq_louise
D:15:     gammafunk_depths_entry_grave, serial_park_tiny_2, serial_shops, shop
Bailey:   bailey_axe_4, bailey

Action                   |  1- 3 |  4- 6 |  7- 9 | 10-12 | 13-15 || total
-------------------------+-------+-------+-------+-------+-------++-------
Melee: Short sword       |   163 |    61 |    30 |       |       ||   254
       Long sword        |       |       |    51 |   301 |    36 ||   388
 Fire: Blowgun           |       |     6 |    67 |     7 |       ||    80
Throw: Tomahawk          |       |       |     9 |       |       ||     9
 Cast: Flame Tongue      |    14 |    59 |    97 |    12 |       ||   182
       Magic Dart        |       |    16 |    71 |       |       ||    87
       Sting             |       |       |   104 |    68 |    15 ||   187
       Mephitic Cloud    |       |       |    21 |    31 |    25 ||    77
       Animate Skeleton  |       |       |     9 |       |       ||     9
       Shock             |       |       |    80 |   171 |    15 ||   266
       Stone Arrow       |       |       |    14 |   308 |    68 ||   390
       Conjure Flame     |       |       |    10 |    43 |    12 ||    65
       Repel Missiles    |       |       |       |     3 |       ||     3
       Fireball          |       |       |       |     8 |     4 ||    12
       Swiftness         |       |       |       |     3 |       ||     3
       Inner Flame       |       |       |       |       |     2 ||     2
Evoke: Wand              |       |       |     1 |       |     5 ||     6
  Use: Scroll            |    16 |     1 |     8 |    14 |     3 ||    42
       Potion            |       |     4 |     5 |     1 |       ||    10
 Stab: Sleeping          |     7 |     5 |    15 |     4 |       ||    31
       Paralysed         |       |       |     7 |       |       ||     7
       Distracted        |       |       |     2 |       |       ||     2
       Confused          |       |       |     2 |     1 |       ||     3
  Eat: Chunk             |     4 |     4 |    15 |    26 |     1 ||    50
       Fruit             |       |     1 |     3 |     5 |       ||     9
       Beef jerky        |       |       |     1 |     2 |     2 ||     5
       Royal jelly       |       |       |       |     1 |     2 ||     3
       Pizza             |       |       |       |     1 |       ||     1
